 Dungeon Crawl Stone Soup version 0.28-a0-1184-g53156a8862 (webtiles) character file.

Game seed: 13719098715084069751

1076 enile the Covered (level 8, -1/93 HPs)
             Began as a Formicid Earth Elementalist on Dec 17, 2021.
             Was a Follower of Okawaru.
             Slain by an orc wizard (2 damage)
             ... on level 7 of the Dungeon.
             The game lasted 00:19:52 (5836 turns).

enile the Covered (Formicid Earth Elementalist)     Turns: 5836, Time: 00:19:53

Health: -1/93      AC: 24    Str: 15      XL:     8   Next: 54%
Magic:  7/11       EV:  2    Int: 14 (15) God:    Okawaru [*.....]
Gold:   182        SH:  0    Dex:  9 (11) Spells: 7/11 levels left

rFire   . . .      SeeInvis .   h - +1 lajatang (elec)
rCold   . . .      Faith    .   (no shield)
rNeg    + . .      Spirit   .   (armour currently unavailable)
rPois   +          Reflect  .   (helmet unavailable)
rElec   .          Harm     .   (cloak currently unavailable)
rCorr   +          Rampage  .   (gloves currently unavailable)
Will    .....                   (boots currently unavailable)
Stlth   ++........              (no amulet)
HPRegen 0.25/turn               a - ring of resist corrosion
MPRegen 0.12/turn               s - ring of positive energy

@: tree-form
A: stationary, stasis, torment immunity, boosted hp, permanent stasis, dig
shafts and tunnels, (antennae 3), four strong arms, (iridescent scales 1),
deterioration 1, MP-powered wands
a: Renounce Religion, Heroism


You were on level 7 of the Dungeon.
You worshipped Okawaru.
Okawaru was aware of your devotion.
You were a tree.
You visited 2 branches of the dungeon, and saw 9 of its levels.

You collected 182 gold pieces.

Inventory:

Hand Weapons
 d - a +0 dagger
 e - a +2 dagger of electrocution
 h - a +1 lajatang of electrocution (weapon)
 r - a +2 antimagic halberd
Missiles
 c - 35 stones
Armour
 b - a +0 robe
 f - a +0 ring mail
 g - a +0 chain mail (melded)
 k - +0 steam dragon scales
 n - a +0 helmet
Magical Staves
 p - a staff of cold
Jewellery
 a - a ring of resist corrosion (left branch)
 s - a ring of positive energy (right branch)
Wands
 q - a wand of charming (12) (quivered)
Scrolls
 i - 2 scrolls of teleportation
 l - 2 scrolls of identify {unknown}
Potions
 j - a potion of haste


   Skills:
 + Level 5.0 Fighting
 - Level 2.0 Short Blades
 - Level 0.3(1.8) Polearms
 - Level 2.9(3.0) Staves
 - Level 6.1 Armour
 - Level 2.0 Dodging
 - Level 2.4 Stealth
 - Level 2.1 Spellcasting
 - Level 2.0 Conjurations
 - Level 1.1 Transmutations
 - Level 4.0 Earth Magic
 - Level 3.0 Invocations


You had 7 spell levels left.
You knew the following spells:

 Your Spells              Type           Power      Damage    Failure   Level
a - Sandblast             Erth           24%        2d8       4%          1
b - Stone Arrow           Conj/Erth      18%        3d8       21%         3

Your spell library contained the following spells:

 Spells                   Type           Power      Damage    Failure   Level
 Passwall                 Tmut/Erth      6%         N/A       12%         2
 Corpse Rot               Necr/Air       2%         N/A       34%         2
 Poisonous Vapours        Pois/Air       2%         N/A       34%         2
 Petrify                  Tmut/Erth      8%         N/A       63%         4


Dungeon Overview and Level Annotations

Branches:
Dungeon (8/15)             Temple (1/1) D:4
   Lair: D:8-11

Altars:
Ashenzari
Cheibriados
Dithmenos
Elyvilon
Fedhas
Gozag
Hepliaklqana
Kikubaaqudgha
Makhleb
Nemelex Xobeh
Okawaru
Qazlal
Ru
Sif Muna
Trog
Uskayaw
Vehumet
Wu Jian
Xom
Yredelemnul
Zin
The Shining One

Shops:
D:6 [

Annotations:
D:6 Edmund, Grinder
D:7 Pikel


Innate Abilities, Weirdness & Mutations

You are a tree.
Your roots penetrate the ground, keeping you stationary.
You cannot be teleported.
You are immune to unholy pain and torment.
Your maximum health is greatly increased.
Your equipment is partially melded.
You cannot be hasted, slowed, berserked, paralysed or teleported.
You can dig through walls and to a lower floor.
((You have a pair of large antennae on your head. (SInv)))
Your four strong arms can wield two-handed weapons with a shield.
((You are partially covered in iridescent scales. (AC +2)))
Your body sometimes deteriorates upon taking damage.
You expend magic power (3 MP) to strengthen your wands.


Message History

* * * LOW HITPOINT WARNING * * *
You hear some strange, mumbled words.
A magic dart appears from out of thin air!
The magic dart hits you but does no damage.
The crimson imp summons a swarm of flies.
You cannot move.
You closely miss something.
You hear some strange, mumbled words.
A magic dart appears from out of thin air!
The magic dart hits you but does no damage.
The crimson imp blinks!
The crimson imp hits you but does no damage.
Something hits you but does no damage.
You miss something. Something hits you but does no damage.
The crimson imp hits you but does no damage. x2
Something hits you but does no damage.
Unknown command.
You closely miss the crimson imp. Something hits you but does no damage.
The crimson imp hits you but does no damage.
The crimson imp hits you.
* * * LOW HITPOINT WARNING * * *
Something hits you but does no damage.
You hit the crimson imp.
Lightning courses through the crimson imp!
The crimson imp is severely wounded.
Something hits you but does no damage.
The crimson imp blinks! x2
You hear some strange, mumbled words.
Something tries to affect you, but you resist.
You cannot move.
You cannot move.
You closely miss something. Something hits you but does no damage.
You hear some strange, mumbled words.
A puff of flame appears from out of thin air!
The puff of flame hits you!
* * * LOW HITPOINT WARNING * * *
As you read the scroll labelled CECUTO CUETAHUM, it crumbles to dust.
You feel a strange sense of stasis.
It was a scroll of teleportation.
You feel like a meek peon again. Something hits you.
You die...

#.... . ..... ...# $.
#...# ...# ..##.$.####+##
...# .......##....########
...#
.............##.....##...#
................{).......#
........>5..5...♣{.......+
.........................#
..###+####...##.....##...#
..##...###...######## ...#
......5......# ..{#
.............# ...{.
.............# ....sZ
.............# .......
..##....###### .......


You could see 2 crimson imps.

Vanquished Creatures
  A steam dragon (D:7)
  An orc warrior (D:7)
  An ice beast (D:8)
  A lemure (D:7)
  A phantom (D:4)
  4 scorpions
  3 howler monkeys (D:7)
  A jelly (D:8)
  2 orc priests
  2 hounds
  An orc wizard (D:6)
  A killer bee zombie (D:6)
  4 gnolls (D:4)
  A howler monkey skeleton (D:6)
  An adder (D:6)
  A white imp (D:7)
  An adder skeleton (D:4)
  3 worms (D:2)
  4 dart slugs
  15 orcs
  2 ball pythons
  6 endoplasms
  A giant cockroach (D:2)
  A goblin (D:2)
  2 hobgoblins
  3 kobolds
  2 quokkas
  3 bats
  5 frilled lizards
  A rat (D:3)
75 creatures vanquished.

Notes
Turn   | Place    | Note
-------+----------+-------------------------------------------
     0 | D:1      | enile the Formicid Earth Elementalist began the quest for
                  | the Orb.
     0 | D:1      | Reached XP level 1. HP: 13/13 MP: 3/3
    16 | D:1      | You fall into a shaft and drop 1 floor!
   209 | D:2      | Reached skill level 1 in Fighting
   342 | D:2      | Reached XP level 2. HP: 21/21 MP: 3/5
   791 | D:2      | Reached skill level 1 in Armour
   791 | D:2      | Reached skill level 2 in Armour
   791 | D:2      | Reached XP level 3. HP: 27/27 MP: 3/6
   799 | D:2      | Learned a level 3 spell: Stone Arrow
   890 | D:2      | Reached XP level 4. HP: 33/33 MP: 0/7
  1214 | D:2      | Reached skill level 1 in Short Blades
  2264 | D:4      | Noticed a scorpion
  2271 | D:4      | Killed a scorpion
  2272 | D:4      | Reached skill level 3 in Armour
  2272 | D:4      | Reached skill level 1 in Conjurations
  2272 | D:4      | Reached XP level 5. HP: 38/38 MP: 6/8
  2406 | D:4      | Reached skill level 4 in Armour
  2647 | D:4      | Found a shadowy altar of Dithmenos.
  2653 | D:4      | Found a sacrificial altar of Ru.
  2700 | D:4      | Reached skill level 5 in Armour
  2700 | D:4      | Reached XP level 6. HP: 18/44 MP: 4/9
  3261 | D:4      | Found a staircase to the Ecumenical Temple.
  3330 | Temple   | Entered the Ecumenical Temple
  3755 | Temple   | Became a worshipper of Warmaster Okawaru
  4023 | D:4      | Reached skill level 6 in Armour
  4046 | D:4      | Reached XP level 7. HP: 19/50 MP: 0/10
  4322 | D:5      | Entered Level 5 of the Dungeon
  4356 | D:5      | Noticed a kobold demonologist
  4369 | D:5      | Noticed an orange demon
  4450 | D:4      | Gained mutation: You expend magic power (3 MP) to
                  | strengthen your wands. [potion of mutation]
  4450 | D:4      | Gained mutation: Your body sometimes deteriorates upon
                  | taking damage. [potion of mutation]
  4450 | D:4      | Gained mutation: You are partially covered in iridescent
                  | scales. (AC +2) [potion of mutation]
  4451 | D:4      | Noticed a sixfirhy
  4452 | D:4      | Noticed an ice devil
  4453 | D:4      | You fall into a shaft and drop 2 floors!
  4598 | D:6      | Found Venwamov's Antique Armour Emporium.
  4774 | D:6      | Noticed Grinder
  4781 | D:6      | Identified a scroll of acquirement
  4781 | D:6      | Acquired a +1 lajatang of electrocution
  4809 | D:6      | Noticed Edmund
  4812 | D:6      | You fall into a shaft and drop 1 floor!
  4812 | D:7      | Noticed a steam dragon
  4815 | D:7      | Killed a steam dragon
  5050 | D:7      | Reached skill level 1 in Staves
  5053 | D:7      | Reached XP level 8. HP: 40/60 MP: 11/11
  5168 | D:7      | Noticed Pikel
  5328 | D:6      | You fall into a shaft and drop 1 floor!
  5657 | D:8      | Reached * piety under Okawaru
  5829 | D:7      | Reached skill level 5 in Fighting
  5835 | D:7      | HP: 1/93 [something/puff of flame (9)]
  5836 | D:7      | Slain by an orc wizard

Illustrated notes

Levels and vault maps discovered:
D:1:      minmay_arrival_shoal_huts, layout_basic, st_stairs_5,
          minmay_misc_feat_doors, minmay_distorted
D:2:      layout_basic, kennysheep_generic_room_10
D:3:      layout_basic
D:4:      layout_loops_cross, amethyst_overflow_temple_binary, temple_statues,
          serial_forest, infiniplex_forest_straight_2,
          infiniplex_forest_lined_2, infiniplex_forest_straight_3,
          infiniplex_forest_lined_room_, infiniplex_forest_lined_2,
          infiniplex_forest_clump_medium, infiniplex_forest_clump_tiny,
          infiniplex_forest_lined_3_way, grunt_ministairs_13
D:5:      layout_cave_pools
D:6:      cheibrodos_steamvent, layout_loops_ring, nicolae_stop_n_shop_2,
          minivault_5, uniq_grinder, uniq_edmund, uniq_maggie
D:7:      layout_gridville, minivault_14, minmay_nine_imps, uniq_pikel
D:8:      layout_rooms, erik_lair_orcish_takeover, minmay_crystal_water,
          uniq_grum
Temple:   mainiacjoe_temple_big_plus

Skill      XL: |  1  2  3  4  5  6  7  8 |
---------------+-------------------------+-----
Fighting       | 1 2 4 5 |  5.0
Earth Magic    | 4 |  4.0
Armour         | 2 3 5 6 |  6.1
Dodging        | 2 |  2.0
Short Blades   | 1 2 |  2.0
Conjurations   | 1 2 |  2.0
Staves         | 1 2 |  2.9
Invocations    | 3 |  3.0
Polearms       | |  0.3
Stealth        | |  2.4
Spellcasting   | |  2.1
Transmutations | |  1.1

Action                   |  1- 3 |  4- 6 |  7- 9 || total
-------------------------+-------+-------+-------++-------
Melee: Unarmed           |     3 |       |       ||     3
       Dagger            |     2 |    67 |    32 ||   101
       Lajatang          |       |       |    50 ||    50
       Halberd           |       |       |     6 ||     6
 Cast: Sandblast         |    26 |    42 |     3 ||    71
       Stone Arrow       |     2 |     7 |       ||     9
Invok: Heroism           |       |       |     1 ||     1
 Abil: Dig               |       |     1 |     2 ||     3
       Shaft Self        |       |       |     3 ||     3
  Use: Potion            |       |       |     7 ||     7
       Scroll            |       |       |     4 ||     4
Armor: Robe              |     1 |       |       ||     1
       Ring mail         |       |    18 |     1 ||    19
       Chain mail        |       |       |    78 ||    78
       Skin              |       |       |    26 ||    26
Dodge: Dodged            |     7 |    37 |    44 ||    88

Table legend: (Time is in decaauts)
 A = Elapsed time spent in this place.
 B = Non-inter-level travel time spent in this place.
 C = Inter-level travel time spent in this place.
 D = Time resting spent in this place.
 E = Time spent auto-exploring this place.
 F = Levels seen in this place.
 G = Mean time per level.
                   A        B        C        D        E       F      G
               +--------+--------+--------+--------+--------+-----+--------+
         Total |   5848 |   5676 |    172 |    786 |   3872 |   9 |  649.8 |
       Dungeon |   5392 |   5285 |    107 |    786 |   3487 |   8 |  674.0 |
        Temple |    455 |    390 |     65 |      0 |    385 |   1 |  455.0 |
               +--------+--------+--------+--------+--------+-----+--------+

Top non-repeatable levels by time:
     D:4: 1771 daAuts
     D:2: 1470 daAuts
     D:3: 681 daAuts
     D:6: 499 daAuts
  Temple: 455 daAuts
     D:8: 450 daAuts
     D:7: 446 daAuts
     D:5: 56 daAuts
     D:1: 16 daAuts
